 Dungeon Sprint DCSS version 0.31-a0-854-g362426d53f (webtiles) character file.

Game seed: 5188635931407321313

34 rocky1 the Grasshopper (level 7, -1/70 HPs)
             Began as a Naga Warper on Oct 9, 2023.
             Was a Priest of Cheibriados.
             Slain by a two-headed ogre
             ... wielding a +0 giant club
              (9 damage)
             ... in the Dungeon (Sprint VI: "Thunderdome").
             The game lasted 00:04:43 (245 turns).

rocky1 the Grasshopper (Naga Warper)                 Turns: 245, Time: 00:04:44

Health: -1/70      AC:  4    Str: 24    XL:     7   Next: 5%
Magic:  15/15      EV: 11    Int: 21    God:    Cheibriados [***...]
Gold:   250        SH:  0    Dex: 18    Spells: 17/17 levels left

rFire   . . .        a - +0 hand axe
rCold   . . .        (no shield)
rNeg    . . .        b - +0 leather armour
rPois   +            (no helmet)
rElec   .            (no cloak)
rCorr   .            (no gloves)
SInv    +            (no barding)
Will    .....        (no amulet)
Stlth   +++          (no ring)
HPRegen 0.31/turn    (no ring)
MPRegen 0.14/turn

%: no teleportation
@: very slow
A: AC +2, large, see invisible, deformed body, poison resistance, slowness 2,
spit poison 1, naga tail 1
a: Spit Poison, Renounce Religion, Bend Time, Temporal Distortion


You were in the Dungeon.
You worshipped Cheibriados.
Cheibriados was most pleased with you.
You visited 1 branch You collected 250 gold pieces.

Inventory:

Hand Weapons
 a - a +0 hand axe (weapon)
Missiles
 d - 7 darts of dispersal
Armour
 b - a +0 leather armour (worn)
Wands
 k - a wand of quicksilver (3)
 l - a wand of roots (1) (quivered)
Scrolls
 c - 4 scrolls of blinking
 m - 3 scrolls of fog
Potions
 e - a potion of curing
 f - 2 potions of heal wounds
 g - 4 potions of haste
 h - 2 potions of magic
 j - a potion of resistance


   Skills:
 * Level 6.3 Fighting
 * Level 6.3 Axes
 - Level 0.8 Throwing
 - Level 3.3 Armour
 - Level 3.6 Dodging
 - Level 5.9 Stealth
 * Level 5.9 Spellcasting
 * Level 6.8 Translocations
 * Level 4.0 Invocations


You had 17 spell levels left.
You didn't know any spells.
Your spell library contained the following spells:

 Spells                   Type           Power      Damage    Failure   Level
 Blink                    Tloc           68%        N/A       1%          2
 Lesser Beckoning         Tloc           68%        N/A       1%          2
 Teleport Other           Tloc           34%        N/A       1%          3
 Manifold Assault         Tloc           34%        N/A       7%          4
 Vhi's Electric Charge    Tloc/Air       40%        N/A       26%         4


Dungeon Overview and Level Annotations

Branches:
Dungeon (1/1)

Altars:
Cheibriados
Dithmenos
Fedhas
Gozag
Kikubaaqudgha
Makhleb
Okawaru
Qazlal
Ru
Sif Muna
Trog
Uskayaw
Vehumet
Wu Jian
Xom
Yredelemnul
Zin
The Shining One
Lugonu

Shops:
D *[=??*?*:[((!!!!


Innate Abilities, Weirdness & Mutations

Your serpentine skin is tough. (AC +2)
You have supernaturally acute eyesight. (SInv)
Armour fits poorly on your strangely shaped body.
Your system is resistant to poisons. (rPois)
You cover ground very slowly.
You can spit poison.
You have a snake-like lower body.


Message History

Aim: an ogre, wielding a +0 giant club (moderately wounded)
The roots erupt in riotous growth!
Roots grab the ogre.
The grasping roots constrict the two-headed ogre.
The grasping roots constrict the ogre.
The two-headed ogre struggles to escape constriction.
The ogre struggles to escape constriction.
The grasping roots constrict the two-headed ogre!
The grasping roots constrict the ogre!!
You kill the ogre!
Cheibriados appreciates the change of pace.
Cheibriados raises the support of your attributes as your movement slows.
The roots release their grip on the two-headed ogre.
Your Invocations skill increases to level 4!
You have reached level 7!
Aiming: Fastroot
Press: ? - help, Q - select action, (/) - cycle Shift-Dir - straight line, f - two-headed ogre
Aim: a two-headed ogre, wielding two +0 giant clubs (moderately wounded)
The roots erupt in riotous growth!
Roots grab the two-headed ogre.
The grasping roots constrict the two-headed ogre.
The two-headed ogre struggles to escape constriction.
The grasping roots constrict the two-headed ogre!
The roots release their grip on the two-headed ogre.
The two-headed ogre hits you with a +0 giant club!
The two-headed ogre hits you with a +0 giant club!!
* * * LOW HITPOINT WARNING * * *
Unknown command.
You feel much better.
The two-headed ogre hits you with a +0 giant club!
* * * LOW HITPOINT WARNING * * *
The two-headed ogre hits you with a +0 giant club!
* * * LOW HITPOINT WARNING * * *
Unknown command.
You hit the two-headed ogre but do no damage.
The two-headed ogre is severely wounded.
You hit the two-headed ogre but do no damage.
The two-headed ogre is severely wounded.
The two-headed ogre hits you with a +0 giant club!
You die...

#⌠...........⌠#
##.8.........8.######
_......###.......__∩##
.....8.# #.8.÷......∩###
.......###.............#
.†..###...###..........⌠
....# #.<.# #..........⌠
.†..###...###..........⌠
.......###..)...@O.....#
.....8.# #.8...)....∩###
_......###......___∩##
##.8.........8.######
#⌠...........⌠#
###.....[...###
#_......._# #_......._#
#_......._#


You could see a two-headed ogre.

Vanquished Creatures
  Sigmund (D)
  2 ogres (D)
  2 scorpions (D)
  An adder (D)
  2 worms (D)
  A ball python (D)
  An endoplasm (D)
  2 giant cockroaches (D)
  A rat (D)
13 creatures vanquished.

Notes
Turn   | Place    | Note
-------+----------+-------------------------------------------
     0 | D        | rocky1 the Naga Warper began the quest for the Orb.
     0 | D        | Reached XP level 1. HP: 19/19 MP: 3/3
     4 | D        | Found an opulent altar of Gozag.
     4 | D        | Found a burning altar of Makhleb.
     4 | D        | Round 1.
     5 | D        | Found an ancient bone altar of Kikubaaqudgha.
     5 | D        | Found a glowing silver altar of Zin.
     6 | D        | Found a shimmering altar of Xom.
     7 | D        | Found Qemuetwo's Timeless Talismans.
     7 | D        | Found a hide-covered altar of Uskayaw.
     7 | D        | Found a corrupted altar of Lugonu.
     7 | D        | Found Xiysh's Identification Station.
     9 | D        | Found Jueggoi's Jewellery.
     9 | D        | Found Nel Bek's Advanced Armour.
    10 | D        | Found Echerch's Magic Scroll Shop.
    11 | D        | Found a sacrificial altar of Ru.
    11 | D        | Found a glowing golden altar of the Shining One.
    11 | D        | Found Voposiax's Staff Store.
    11 | D        | Found Inoenyid's Magic Scroll Shop.
    11 | D        | Found Otsionem's Must-Have Magic.
    16 | D        | Found a shadowy altar of Dithmenos.
    17 | D        | Found a shimmering blue altar of Sif Muna.
    18 | D        | Found Ofeuce's Distillery.
    19 | D        | Found Vereokom's Distillery.
    19 | D        | Found Exeinwap's Bottled Wisdom.
    19 | D        | Found an iron altar of Okawaru.
    19 | D        | Found a blossoming altar of Fedhas.
    19 | D        | Found Tefish's Do-It-Yourself Clinic.
    23 | D        | Found a bloodstained altar of Trog.
    24 | D        | Found a basalt altar of Yredelemnul.
    24 | D        | Noticed Sigmund
    25 | D        | Found a snail-covered altar of Cheibriados.
    27 | D        | Killed Sigmund
    28 | D        | Reached skill level 5 in Translocations
    28 | D        | Reached XP level 2. HP: 17/31 MP: 4/7
    28 | D        | Reached XP level 3. HP: 21/38 MP: 4/8
    28 | D        | Reached XP level 4. HP: 25/45 MP: 5/10
    28 | D        | Reached XP level 5. HP: 28/51 MP: 5/11
    28 | D        | Found Puvodeur's Weapon Rack.
    29 | D        | Found an ornate altar of the Wu Jian Council.
    29 | D        | Found a radiant altar of Vehumet.
    29 | D        | Found a stormy altar of Qazlal.
    29 | D        | Found Leutrekk's Premium Goods.
    29 | D        | Found Ahylefiu's Basic Armour.
    29 | D        | Found Boudonneff's Miscellaneous Merchandise.
    35 | D        | Became a worshipper of Cheibriados the Contemplative
    58 | D        | Reached * piety under Cheibriados
   113 | D        | Arena points: 6 (+6) [x1]
   122 | D        | Round 2.
   169 | D        | Reached ** piety under Cheibriados
   170 | D        | Reached skill level 5 in Fighting
   170 | D        | Reached skill level 5 in Axes
   170 | D        | Reached skill level 5 in Stealth
   170 | D        | Reached skill level 1 in Invocations
   170 | D        | Reached XP level 6. HP: 56/61 MP: 11/13
   171 | D        | Reached *** piety under Cheibriados
   172 | D        | Reached skill level 5 in Spellcasting
   173 | D        | Arena points: 34 (+28) [x2]
   209 | D        | Round 3.
   236 | D        | Noticed a two-headed ogre
   241 | D        | Reached XP level 7. HP: 38/70 MP: 15/15
   242 | D        | HP: 3/70 [two-headed ogre/+0 giant club (22)]
   245 | D        | Slain by a two-headed ogre

Illustrated notes

Levels and vault maps discovered:
D:        arena_sprint

Skill      XL: |  1  2  3  4  5  6 |
---------------+-------------------+-----
Fighting       | 4 5 6 |  6.3
Axes           | 4 5 6 |  6.3
Armour         | 2 3 |  3.3
Dodging        | 3 |  3.6
Stealth        | 4 5 |  5.9
Spellcasting   | 4 5 |  5.9
Translocations | 5 6 |  6.8
Invocations    | 1 4 |  4.0
Throwing       | |  0.8

Action                     |  1- 3 |  4- 6 |  7- 9 || total
---------------------------+-------+-------+-------++-------
  Melee: Hand axe          |     1 |    38 |     2 ||    41
         Punch             |       |     2 |       ||     2
Ability: Spit Poison       |       |     2 |       ||     2
  Evoke: Wand              |     2 |     3 |     1 ||     6
    Use: Potion            |       |     2 |     1 ||     3
         Scroll            |       |     1 |       ||     1
   Stab: Distracted        |       |     1 |       ||     1
 Armour: Leather armour    |     2 |    36 |     5 ||    43
  Dodge: Dodged            |     1 |    26 |       ||    27

Table legend: (Time is in decaauts)
 A = Elapsed time spent in this place.
 B = Non-inter-level travel time spent in this place.
 C = Inter-level travel time spent in this place.
 D = Time resting spent in this place.
 E = Time spent auto-exploring this place.
 F = Levels seen in this place.
 G = Mean time per level.
                   A        B        C        D        E       F      G
               +--------+--------+--------+--------+--------+-----+--------+
         Total |    374 |    374 |      0 |     56 |      0 |   1 |  374.0 |
       Dungeon |    374 |    374 |      0 |     56 |      0 |   1 |  374.0 |
               +--------+--------+--------+--------+--------+-----+--------+

Top non-repeatable levels by time:
       D: 374 daAuts
